 Dungeon Crawl Stone Soup version 0.24.0-13-gcf9b3192b9 (webtiles) character file.

Game seed: 6863400581207421604, levelgen mode: classic

72 EnegeticOcto the Digger (level 4, 0/23 HPs)
             Began as a Vine Stalker Earth Elementalist on Nov 9, 2019.
             Slain by an orc
             ... wielding a +0 short sword of speed
              (4 damage)
             ... on level 3 of the Dungeon.
             The game lasted 00:04:37 (801 turns).

EnegeticOcto the Digger (VSEE)                       Turns: 801, Time: 00:04:38

Health: 0/23       AC:  2    Str: 11    XL:     4   Next: 26%
Magic:  0/9        EV: 12    Int: 16    God:
Gold:   65         SH:  0    Dex: 14    Spells: 4/9 levels left

rFire    . . .     SeeInvis .   (no weapon)
rCold    . . .     Gourm    .   (no shield)
rNeg     . . .     Faith    .   c - +0 robe
rPois    .         Spirit   +   (no helmet)
rElec    .         Reflect  .   (no cloak)
rCorr    .         Harm     .   (no gloves)
MR       .....                  (no boots)
Stlth    ++........             (no amulet)
HPRegen  0.47/turn              (no ring)
MPRegen  0.11/turn              (no ring)

@: no status effects
A: fangs 2, regeneration 1, magic shield, antimagic bite, no potion heal 3, rot
immunity
a: no special abilities


You were on level 3 of the Dungeon.
You were not hungry.

You visited 1 branch of the dungeon, and saw 3 of its levels.

You collected 65 gold pieces.

Inventory:

Hand Weapons
 a - a +0 dagger
Missiles
 b - 3 stones (quivered)
Armour
 c - a +0 robe (worn)
Wands
 k - a wand of iceblast (9)
Scrolls
 d - 2 scrolls of identify {unknown}
 f - a scroll of random uselessness {unknown}
 g - 3 scrolls of enchant armour {unknown}
 m - a scroll of blinking {unknown}
 n - 2 scrolls of immolation {unknown}
Potions
 h - a potion of degeneration {unknown}
 i - a potion of resistance {unknown}
 j - a potion of heal wounds {unknown}
 l - a potion of might {unknown}
 o - a potion of haste {unknown}
Comestibles
 e - 2 rations


   Skills:
 + Level 2.7 Fighting
 - Level 1.5 Dodging
 - Level 2.4 Stealth
 + Level 3.0 Spellcasting
 - Level 1.0 Transmutations
 - Level 3.0 Earth Magic


You had 4 spell levels left.
You knew the following spells:

 Your Spells              Type           Power        Failure   Level  Hunger
a - Sandblast             Erth           ##....       5%          1    #......
b - Animate Skeleton      Necr           N/A          19%         1    #......
c - Apportation           Tloc           #.....       19%         1    #......
p - Passwall              Tmut/Erth      #.......     12%         2    ##.....

Your spell library contained the following spells:

 Spells                   Type           Power        Failure   Level  Hunger
 Confusing Touch          Hex            #.....       19%         1    #......
 Summon Small Mammal      Summ           #...         19%         1    #......
 Stone Arrow              Conj/Erth      #.....       30%         3    ###....
 Petrify                  Tmut/Erth      #.......     63%         4    #####..
 Lee's Rapid Deconstruct  Erth           ##........   83%         5    ######.


Dungeon Overview and Level Annotations

Branches:
Dungeon (3/15)

Altars:
Hepliaklqana


Innate Abilities, Weirdness & Mutations

You have extremely sharp teeth.
Your natural rate of healing is unusually fast.
When hurt, damage is shared between your health and your magic reserves.
Your bite disrupts and absorbs the magic of your enemies.
Potions cannot restore your health.
You are immune to rotting.


Message History

The orc is almost dead.
b - 9 stones The orc hits you with a +0 short sword of speed.
* * * LOW HITPOINT WARNING * * *
You feel sick.
You are no longer poisoned.
The orc barely misses you.
There is a hazy altar of Hepliaklqana here.
Casting: Sandblast (safe; 5% risk of failure)
Confirm with . or Enter, or press ? or * to list all spells.
Aiming: Sandblast (safe; 5% risk of failure)
Press: ? - help, Shift-Dir - straight line, f/p - orc
Aim: an orc, wielding a +0 flail and wearing a +0 ring mail (almost dead)
The blast of sand hits the orc.
The orc is severely wounded.
b - 8 stones The orc hits you but does no damage.
Casting: Sandblast (safe; 5% risk of failure)
Confirm with . or Enter, or press ? or * to list all spells.
Aiming: Sandblast (safe; 5% risk of failure)
Press: ? - help, Shift-Dir - straight line, f/p - orc
Aim: an orc, wielding a +0 flail and wearing a +0 ring mail (almost dead)
The blast of sand misses the orc.
The blast of sand hits the orc but does no damage.
The orc is almost dead.
b - 7 stones The orc hits you but does no damage.
Casting: Sandblast (safe; 5% risk of failure)
Confirm with . or Enter, or press ? or * to list all spells.
Aiming: Sandblast (safe; 5% risk of failure)
Press: ? - help, Shift-Dir - straight line, f/p - orc
Aim: an orc, wielding a +0 flail and wearing a +0 ring mail (almost dead)
The blast of sand misses the orc.
The blast of sand hits the orc.
You kill the orc!
b - 6 stones The orc barely misses you.
You see here a poisoned dart.
The hobgoblin shouts!
Casting: Sandblast (safe; 5% risk of failure)
Confirm with . or Enter, or press ? or * to list all spells.
Aiming: Sandblast (safe; 5% risk of failure)
Press: ? - help, Shift-Dir - straight line, f - hobgoblin
Aim: a hobgoblin The blast of sand misses the hobgoblin.
b - 5 stones The hobgoblin barely misses you.
Casting: Sandblast (safe; 5% risk of failure)
Confirm with . or Enter, or press ? or * to list all spells.
Aiming: Sandblast (safe; 5% risk of failure)
Press: ? - help, Shift-Dir - straight line, f/p - hobgoblin
Aim: a hobgoblin The blast of sand misses the hobgoblin.
b - 4 stones The hobgoblin closely misses you.
You closely miss the hobgoblin. You bite the hobgoblin. You drain its power.
You feel invigorated.
The hobgoblin is heavily wounded.
The hobgoblin hits you.
You hit the hobgoblin. You bite the hobgoblin. You drain its power.
You feel invigorated.
The hobgoblin is almost dead.
The hobgoblin closely misses you.
You hit the hobgoblin.
You kill the hobgoblin!
Casting: Sandblast (safe; 5% risk of failure)
Confirm with . or Enter, or press ? or * to list all spells.
Aiming: Sandblast (safe; 5% risk of failure)
Press: ? - help, Shift-Dir - straight line, f - orc
Aim: an orc, wielding a +0 short sword of speed and wearing a +0 scale mail (severely wounded)
The blast of sand hits the orc but does no damage.
The orc is severely wounded.
b - 3 stones The orc misses you.
You hit the orc but do no damage.
The orc is severely wounded.
The orc barely misses you.
You barely miss the orc.
The orc is severely wounded.
The orc hits you with a +0 short sword of speed.
You closely miss the orc. You bite the orc, but do no damage.
The orc is severely wounded.
The orc barely misses you. The orc closely misses you.
You hit the orc but do no damage.
The orc is severely wounded.
The orc closely misses you.
You hit the orc but do no damage.
The orc is severely wounded.
The orc hits you with a +0 short sword of speed.
You hit the orc but do no damage. You bite the orc, but do no damage.
The orc is severely wounded.
The orc hits you with a +0 short sword of speed.
You hit the orc but do no damage.
The orc is severely wounded.
The orc hits you with a +0 short sword of speed.
You closely miss the orc.
The orc is severely wounded.
The orc hits you with a +0 short sword of speed.
* * * LOW HITPOINT WARNING * * *
The orc hits you with a +0 short sword of speed.
You die...

#.#........#........
#.#..##....#....##.)
#.#..#.....#........
#......_............
##.#.†...#..#.(.....
#.#....##..#(......
#.#........#o.....#
#.####.....#...P..#
#.@oo..#####.#..P.#
######.).....######
#########


You could see 2 orcs.

Vanquished Creatures
  A howler monkey zombie (D:3)
  2 adders (D:2)
  A dart slug (D:2)
  A leopard gecko (D:3)
  3 orcs (D:3)
  4 bats
  5 giant cockroaches
  4 goblins (D:2)
  3 hobgoblins
  A quokka (D:2)
  A ball python skeleton (D:3)
  A frilled lizard (D:2)
  A jackal skeleton (D:3)
  6 kobolds
  4 rats
38 creatures vanquished.

Notes
Turn   | Place    | Note
-------+----------+-------------------------------------------
     0 | D:1      | EnegeticOcto the Vine Stalker Earth Elementalist began the
                  | quest for the Orb.
     0 | D:1      | Reached XP level 1. HP: 9/9 MP: 4/4
   157 | D:1      | Reached skill level 1 in Fighting
   188 | D:1      | Reached XP level 2. HP: 11/14 MP: 4/6
   336 | D:2      | Learned a level 1 spell: Animate Skeleton
   338 | D:2      | Learned a level 1 spell: Apportation
   341 | D:2      | Learned a level 2 spell: Passwall
   357 | D:2      | Reached XP level 3. HP: 12/18 MP: 1/7
   665 | D:3      | Gained mutation: Your natural rate of healing is unusually
                  | fast. [Vine Stalker growth]
   665 | D:3      | Reached XP level 4. HP: 10/23 MP: 4/9
   675 | D:3      | Found a hazy altar of Hepliaklqana.
   801 | D:3      | Slain by an orc

Levels and vault maps discovered:
D:1:      dpeg_arrival_stone_temple_mockup, layout_rooms
D:2:      layout_basic
D:3:      layout_basic, nicolae_overflow_crystal_walls, serial_undead,
          serial_undead_e, serial_undead_e, serial_undead_d, serial_undead_a,
          serial_undead_b, serial_undead_a, chequers_ecumenical_altar_simple,
          dk_yredelemnul_ordeal

Skill      XL: |  1  2  3 |
---------------+----------+-----
Fighting       | 1 2 |  2.7
Spellcasting   | 3 |  3.0
Dodging        | |  1.5
Stealth        | |  2.4
Transmutations | |  1.0
Earth Magic    | |  3.0

Action                   |  1- 3 |  4- 6 || total
-------------------------+-------+-------++-------
Melee: Unarmed           |    82 |    22 ||   104
       Bite              |    14 |     6 ||    20
 Cast: Sandblast         |    31 |    19 ||    50
       Apportation       |     2 |       ||     2
 Stab: Sleeping          |     3 |       ||     3
Armor: Robe              |    24 |     6 ||    30
Dodge: Dodged            |    64 |    26 ||    90
